 Dungeon Crawl Stone Soup version 0.17-a0-1987-gaf5a542 (webtiles) character file.

46 graki42 the Firebug (level 3, -2/19 HPs)
             Began as a Deep Elf Fire Elementalist on Oct 6, 2015.
             Killed from afar by Sigmund (8 damage)
             ... with a puff of flame
             ... on level 2 of the Dungeon.
             The game lasted 00:05:33 (845 turns).

graki42 the Firebug (Deep Elf Fire Elementalist)     Turns: 845, Time: 00:05:34

Health: -2/19      AC:  2    Str:  5    XL:     3   Next: 46%
Magic:  8/10       EV: 13    Int: 20    God:
Gold:   114        SH:  0    Dex: 15    Spells: 1 memorised, 8 levels left

rFire  . . .     SeeInvis .     (no weapon)
rCold  . . .     Clarity  .     a - +0 robe
rNeg   . . .     SustAt   .     (no shield)
rPois  .         Gourm    .     (no helmet)
rElec  .         Spirit   .     (no cloak)
rCorr  .         Warding  .     (no gloves)
rMut   .         Stasis   .     (no boots)
MR     .....                    (no amulet)
Stlth  +.........               (no ring)
                                (no ring)

@: confused, not resistant to hostile enchantments, very unstealthy
A: no striking features
a: no special abilities


You were on level 2 of the Dungeon.
You were not hungry.

You visited 1 branch of the dungeon, and saw 2 of its levels.

You collected 114 gold pieces.

Inventory:

Armour
 a - a +0 robe (worn)
Scrolls
 e - 2 scrolls of fear {unknown}
 h - 2 scrolls of identify {unknown}
 j - a scroll of magic mapping {unknown}
Potions
 d - a potion of brilliance {unknown}
 f - 4 potions of curing {unknown}
 i - a potion of haste {unknown}
Books
 b - a book of Flames

   Spells                             Type                      Level
   a - Flame Tongue                   Conjuration/Fire             1
   b - Throw Flame                    Conjuration/Fire             2
   c - Conjure Flame                  Conjuration/Fire             3
   d - Inner Flame                    Hexes/Fire                   3
   e - Sticky Flame                   Conjuration/Fire             4
   f - Fireball                       Conjuration/Fire             5
Comestibles
 c - a bread ration
 g - a meat ration


   Skills:
 - Level 2.4 Dodging
 - Level 2.4 Stealth
 + Level 3.5 Spellcasting
 * Level 2.5 Conjurations
 + Level 4.1 Fire Magic


You had 8 spell levels left.
You knew the following spells:

 Your Spells              Type           Power        Failure   Level  Hunger
a - Flame Tongue          Conj/Fire      ###..        3%          1    None


Dungeon Overview and Level Annotations

Branches:
Dungeon (2/15)

Altars:
Fedhas
Kikubaaqudgha
Qazlal

Annotations:
D:2 Sigmund


Message History

Sigmund flickers and vanishes!
Deactivating autopickup; reactivate with Ctrl-A.
The adder bites the bush but does no damage.
You feel sick.
The adder bites the plant but does no damage.
You feel sick.
Something tries to affect you, but you resist.
You feel sick.
You see here a dagger.
You feel sick.
You feel sick.
You are confused.
You're too confused to move!
You feel sick.
You are no longer poisoned.
You feel less confused.
You are confused.
A puff of flame appears from out of thin air!
The puff of flame hits you!
You die...

#### ...# ##.#############
...............####
..................###
.........#####.#....# ##########
.........# #....#.# #.........
.........######<..#.# #.........
)####...........@.#.# #.........
.############.#...#.# #.........
.........####.#..##.####.........
...........##.....#....#.........
.........#.####.#####............
.........#.# #..# #.........⌠..
.........#.#####.####.......#...≈
######.##.............##....##.≈≈
...###.##.....###)###...<...##..≈


There were no monsters in sight!

Vanquished Creatures
  2 adders (D:2)
  A ball python (D:1)
  5 bats
  A giant cockroach (D:2)
  2 goblins (D:1)
  4 hobgoblins (D:1)
  3 jackals (D:1)
  A quokka (D:2)
  A giant newt (D:1)
  4 kobolds
  6 rats (D:1)
30 creatures vanquished.

Notes
Turn   | Place    | Note
--------------------------------------------------------------
     0 | D:1      | graki42 the Deep Elf Fire Elementalist began the quest for the Orb.
     0 | D:1      | Reached XP level 1. HP: 10/10 MP: 6/6
   121 | D:1      | Reached XP level 2. HP: 10/15 MP: 1/8
   622 | D:2      | Found an ancient bone altar of Kikubaaqudgha.
   669 | D:2      | Found a stormy altar of Qazlal.
   710 | D:2      | Reached skill level 4 in Fire Magic
   710 | D:2      | Reached XP level 3. HP: 19/19 MP: 5/9
   794 | D:2      | Found a blossoming altar of Fedhas.
   806 | D:2      | Noticed Sigmund
   845 | D:2      | Killed from afar by Sigmund

Vault maps used:
D:1:      sevenhm_arrival_forest_fort_small_3
D:2:      grunt_temple_overflow_forces_of_nature, kiku_gazebo_pond_becter,
          kennysheep_generic_room_2, uniq_sigmund

Action                   || total
-------------------------++-------
 Cast: Flame Tongue      ||    49
